 Dungeon Crawl Stone Soup version 0.27-a0-1196-g3e9cee4cb2 (webtiles) character file.

Game seed: 16268997536111242775

648 Gargoyl the Skirmisher (level 7, -9/60 HPs)
             Began as a Gnoll Abyssal Knight on May 29, 2021.
             Was a Believer of Lugonu.
             Mangled by an ogre
             ... wielding a +0 giant club
              (26 damage)
             ... on level 5 of the Dungeon.
             The game lasted 00:05:24 (5120 turns).

Gargoyl the Skirmisher (Gnoll Abyssal Knight)       Turns: 5120, Time: 00:05:24

Health: -9/60      AC:  0    Str: 13    XL:     7   Next: 53%
Magic:  11/11      EV: 15    Int: 13    God:    Lugonu [**....]
Gold:   257        SH:  0    Dex: 12    Spells: 11/11 levels left

rFire    . . .     SeeInvis .     - Unarmed
rCold    . . .     Faith    .   (shield currently unavailable)
rNeg     . . .     Spirit   .   (armour currently unavailable)
rPois    .         Reflect  .   (helmet currently unavailable)
rElec    .         Harm     .   (cloak currently unavailable)
rCorr    .         Rampage  .   (gloves currently unavailable)
Will     .....                  (boots currently unavailable)
Stlth    ++........             (no amulet)
HPRegen  0.20/turn              (ring currently unavailable)
MPRegen  0.12/turn              (ring currently unavailable)

@: pig-form, very quick
A: fast, no casting, small, (fangs 1), strong nose, distributed training,
(talons 1), clever 1, evolution 1
a: Renounce Religion, Depart the Abyss, Bend Space


You were on level 5 of the Dungeon.
You worshipped Lugonu.
Lugonu was pleased with you.
You were a filthy swine.
You visited 1 branch of the dungeon, and saw 5 of its levels.
You visited the Abyss 1 time.

You collected 257 gold pieces.

Inventory:

Hand Weapons
 a - a +1 hand axe
 k - a +1 short sword of draining (melded)
Missiles
 m - 13 poisoned darts (quivered)
Armour
 c - a +0 chain mail (melded)
 e - a +1 helmet (melded)
 i - a +1 pair of gloves (melded)
Jewellery
 g - a ring of flight (melded)
Wands
 p - a wand of polymorph (5)
Scrolls
 b - 2 scrolls of identify
 d - a scroll of fog
 f - 2 scrolls of teleportation
 n - a scroll of enchant armour
Potions
 h - a potion of mutation
 o - 2 potions of resistance {unknown}
 q - a potion of flight {unknown}
 r - a potion of heal wounds {unknown}


   Skills:
 + Level 7.0 Fighting
 + Level 2.5 Short Blades
 + Level 2.5 Long Blades
 + Level 5.2 Axes
 + Level 2.5 Maces & Flails
 + Level 2.5 Polearms
 + Level 2.5 Staves
 + Level 2.5 Slings
 + Level 2.5 Bows
 + Level 2.5 Crossbows
 + Level 2.5 Throwing
 + Level 5.2 Armour
 + Level 3.6 Dodging
 + Level 2.5 Stealth
 + Level 2.5 Shields
 + Level 2.5 Unarmed Combat
 + Level 2.5 Spellcasting
 + Level 2.0 Conjurations
 + Level 2.0 Hexes
 + Level 2.0 Summonings
 + Level 2.0 Necromancy
 + Level 2.0 Translocations
 + Level 2.0 Transmutations
 + Level 2.0 Fire Magic
 + Level 2.0 Ice Magic
 + Level 2.0 Air Magic
 + Level 2.0 Earth Magic
 + Level 2.0 Poison Magic
 + Level 5.4 Invocations
 + Level 2.5 Evocations


You had 11 spell levels left.
You didn't know any spells.
Your spell library was empty.

Dungeon Overview and Level Annotations

Branches:
Dungeon (5/15)
 Temple: D:4-7

Altars:
Wu Jian

Shops:
D:2 *   D:5 [


Innate Abilities, Weirdness & Mutations

You are a filthy swine.
You move quickly.
Your equipment is almost entirely melded.
You are incapable of wielding weapons or throwing items.
You cannot cast spells.
((You have very sharp teeth.))
Your uncanny sense of smell can sniff out nearby items.
Your experience applies equally to all skills.
((You have sharp toenails.))
Your mind is acute. (Int +2)
You evolve.


Message History

The adder skeleton barely misses you.
You hit the adder skeleton.
The adder skeleton is heavily damaged.
The adder skeleton barely misses you.
You hit the adder skeleton. You claw the adder skeleton.
You destroy the adder skeleton!
Lugonu accepts your kill.
An ogre comes into view. It is wielding a +0 giant club.
The ogre shouts!
The ogre hits you with a +0 giant club!
You hit the ogre but do no damage. You drain the ogre.
Your kick misses the ogre.
The ogre is lightly wounded.
The ogre hits you with a +0 giant club!
You hit the ogre. You claw the ogre.
The ogre is moderately wounded.
You closely miss the ogre. You claw the ogre. Your bite misses the ogre.
The ogre is moderately wounded.
The ogre hits you with a +0 giant club.
You hit the ogre.
The ogre is heavily wounded.
The ogre hits you with a +0 giant club!!
* * * LOW HITPOINT WARNING * * *
You hit the ogre. Your kick misses the ogre. You bite the ogre.
The ogre is heavily wounded.
The ogre barely misses you.
Found 19 bolts.
Okay, then.
Okay, then.
Aiming: Polymorph
Press: ? - help, Shift-Dir - straight line, f - you You turn into a filthy swine.
Your +1 short sword of draining melds into your body.
Your +1 helmet melds into your body.
Your +1 pair of gloves melds into your body.
Your +0 chain mail melds into your body.
Your ring of flight melds into your body.
You float gracefully downwards.
The ogre hits you with a +0 giant club!!
You die...

..............#
#.............###
#..............##
#..............##
###.............#####
##..............##..
#..................)
##..OO.............##
#...h..............#
#...<..............##
#....................#
#....................#
#.....................#
#.....................>
#.......................
....(...................
..........


You could see 2 ogres.

Vanquished Creatures
  2 necrophages (D:4)
  A phantom (D:4)
  A scorpion (D:4)
  A water moccasin zombie (D:5)
  A wight (D:5)
  Jessica (D:3)
  An iguana (D:5)
  A killer bee zombie (D:5)
  8 adders
  4 adder skeletons
  A worm (D:2)
  A dart slug (D:1)
  6 orcs
  5 ball pythons
  6 endoplasms
  4 giant cockroaches
  4 goblins
  5 hobgoblins
  10 jackals
  6 quokkas
  3 bats
  2 frilled lizards
  8 kobolds
  6 rats
88 creatures vanquished.

Vanquished Creatures (others)
  A plant (D:1)
1 creature vanquished.

Grand Total: 89 creatures vanquished

Notes
Turn   | Place    | Note
-------+----------+-------------------------------------------
     0 | Abyss:1  | Gargoyl the Gnoll Abyssal Knight began the quest for the
                  | Orb.
     0 | Abyss:1  | Reached XP level 1. HP: 23/23 MP: 3/3
    57 | Abyss:1  | Noticed a chaos spawn
    71 | D:1      | Escaped the Abyss
   497 | D:1      | Reached * piety under Lugonu
   498 | D:1      | Reached XP level 2. HP: 29/29 MP: 5/5
  1183 | D:1      | Reached XP level 3. HP: 31/35 MP: 6/6
  1604 | D:2      | Found Paequm's Assorted Antiques.
  1836 | D:2      | Reached skill level 1 in Short Blades
  1836 | D:2      | Reached skill level 1 in Long Blades
  1836 | D:2      | Reached skill level 1 in Maces & Flails
  1836 | D:2      | Reached skill level 1 in Polearms
  1836 | D:2      | Reached skill level 1 in Staves
  1836 | D:2      | Reached skill level 1 in Slings
  1836 | D:2      | Reached skill level 1 in Bows
  1836 | D:2      | Reached skill level 1 in Crossbows
  1836 | D:2      | Reached skill level 1 in Throwing
  1836 | D:2      | Reached skill level 1 in Stealth
  1836 | D:2      | Reached skill level 1 in Shields
  1836 | D:2      | Reached skill level 1 in Unarmed Combat
  1836 | D:2      | Reached skill level 1 in Spellcasting
  1836 | D:2      | Reached skill level 1 in Evocations
  1920 | D:2      | Reached XP level 4. HP: 35/41 MP: 7/7
  2166 | D:2      | Found an ornate altar of the Wu Jian Council.
  2372 | D:2      | Reached skill level 1 in Conjurations
  2372 | D:2      | Reached skill level 1 in Hexes
  2372 | D:2      | Reached skill level 1 in Summonings
  2372 | D:2      | Reached skill level 1 in Necromancy
  2372 | D:2      | Reached skill level 1 in Translocations
  2372 | D:2      | Reached skill level 1 in Transmutations
  2372 | D:2      | Reached skill level 1 in Fire Magic
  2372 | D:2      | Reached skill level 1 in Ice Magic
  2372 | D:2      | Reached skill level 1 in Air Magic
  2372 | D:2      | Reached skill level 1 in Earth Magic
  2372 | D:2      | Reached skill level 1 in Poison Magic
  2474 | D:3      | Found a faded altar of an unknown god.
  2897 | D:3      | Reached XP level 5. HP: 43/47 MP: 8/8
  3031 | D:3      | Noticed Jessica
  3050 | D:3      | Killed Jessica
  3050 | D:3      | Reached ** piety under Lugonu
  3571 | D:4      | Gained mutation: You have sharp toenails. [potion of
                  | mutation]
  3571 | D:4      | Gained mutation: You evolve. [potion of mutation]
  3571 | D:4      | Gained mutation: You are robust. (+10% HP) [potion of
                  | mutation]
  3571 | D:4      | Gained mutation: Your mind is acute. (Int +2) [potion of
                  | mutation]
  3593 | D:4      | Reached skill level 5 in Invocations
  3593 | D:4      | Reached XP level 6. HP: 23/58 MP: 9/9
  3606 | D:4      | Noticed a necrophage
  3799 | D:4      | Killed a necrophage
  3800 | D:4      | Reached skill level 5 in Axes
  3800 | D:4      | Reached skill level 5 in Armour
  4230 | D:4      | Lost mutation: You are robust. (+10% HP) [evolution]
  4495 | D:4      | Noticed a necrophage
  4510 | D:4      | Killed a necrophage
  4511 | D:4      | Reached skill level 7 in Fighting
  4511 | D:4      | Reached XP level 7. HP: 45/55 MP: 10/10
  4697 | D:5      | Entered Level 5 of the Dungeon
  4785 | D:5      | Found Baqoirak's Armour Shoppe.
  5120 | D:5      | Mangled by an ogre

Illustrated notes

Levels and vault maps discovered:
D:1:      sevenhm_arrival_forest_fort_small_5, layout_loops_ring,
          kennysheep_small_spiral, nrook_loot_triangle, chequers_big_river,
          minivault_14
D:2:      layout_basic, serial_shops, nicolae_shop_stone, minmay_hexomino_r4
D:3:      layout_basic, chequers_ecumenical_altar_simple_redux, uniq_jessica
D:4:      layout_rooms, grunt_decor_junction
D:5:      layout_cave_pods, minmay_temple_entry_fiery, serial_shops,
          kennysheep_little_box

Skill      XL: |  1  2  3  4  5  6  7 |
---------------+----------------------+-----
Short Blades   | 1 2 |  2.5
Long Blades    | 1 2 |  2.5
Maces & Flails | 1 2 |  2.5
Polearms       | 1 2 |  2.5
Staves         | 1 2 |  2.5
Slings         | 1 2 |  2.5
Bows           | 1 2 |  2.5
Crossbows      | 1 2 |  2.5
Throwing       | 1 2 |  2.5
Stealth        | 1 2 |  2.5
Shields        | 1 2 |  2.5
Unarmed Combat | 1 2 |  2.5
Spellcasting   | 1 2 |  2.5
Evocations     | 1 2 |  2.5
Conjurations   | 1 2 |  2.0
Hexes          | 1 2 |  2.0
Summonings     | 1 2 |  2.0
Necromancy     | 1 2 |  2.0
Translocations | 1 2 |  2.0
Transmutations | 1 2 |  2.0
Fire Magic     | 1 2 |  2.0
Ice Magic      | 1 2 |  2.0
Air Magic      | 1 2 |  2.0
Earth Magic    | 1 2 |  2.0
Poison Magic   | 1 2 |  2.0
Dodging        | 3 |  3.6
Invocations    | 5 |  5.4
Axes           | 5 |  5.2
Armour         | 5 |  5.2
Fighting       | 7 |  7.0

Action                   |  1- 3 |  4- 6 |  7- 9 || total
-------------------------+-------+-------+-------++-------
Melee: Hand axe          |    96 |   160 |       ||   256
       Bite              |     7 |    16 |     7 ||    30
       Kick              |       |    23 |    16 ||    39
       Punch             |       |     1 |       ||     1
       Short sword       |       |    45 |    60 ||   105
Invok: Depart the Abyss  |     1 |       |       ||     1
Evoke: Wand              |       |       |     1 ||     1
  Use: Scroll            |     3 |       |     3 ||     6
       Potion            |       |     6 |       ||     6
Armor: Chain mail        |    65 |   143 |    37 ||   245
Dodge: Dodged            |    26 |    73 |    18 ||   117

Table legend: (Time is in decaauts)
 A = Elapsed time spent in this place.
 B = Non-inter-level travel time spent in this place.
 C = Inter-level travel time spent in this place.
 D = Time resting spent in this place.
 E = Time spent auto-exploring this place.
 F = Levels seen in this place.
 G = Mean time per level.
                   A        B        C        D        E       F      G
               +--------+--------+--------+--------+--------+-----+--------+
         Total |   5131 |   5002 |    129 |    370 |   3786 |   6 |  855.2 |
       Dungeon |   5060 |   4931 |    129 |    370 |   3748 |   5 | 1012.0 |
         Abyss |     71 |     71 |      0 |      0 |     38 |   1 |   71.0 |
               +--------+--------+--------+--------+--------+-----+--------+

Top non-repeatable levels by time:
     D:1: 1537 daAuts
     D:3: 1271 daAuts
     D:4: 954 daAuts
     D:2: 877 daAuts
     D:5: 421 daAuts
 Abyss:1: 71 daAuts
